Manchots vs Gangsters
Created - 23 octobre 2013 at 23:28
Goals
|
| Manchots |
0 |
4 |
1 |
0 |
0 |
5 |
| Gangsters |
1 |
3 |
1 |
0 |
1 |
6 |
|
Shots
|
| Manchots |
13 |
16 |
8 |
1 |
4 |
38 |
| Gangsters |
17 |
9 |
5 |
0 |
4 |
31 |
|
1st period
1. Gangsters , Igor Radulov 1 (Cory Murphy, Alexandre Bolduc) at 4:30
Penalties :
Chris Bourque (Bro) for Hooking (Minor) at 6:59
2nd period
2. Manchots , Logan Couture 1 (Petr Sykora, Stanislav Neckar) at 1:10
3. Manchots , Tyler Ennis 2 (Steven Stamkos, Michael Del Zotto) at 6:05 (PP)
4. Gangsters , Artem Anisimov 1 (Igor Radulov, Alexei Emelin) at 9:19
5. Manchots , Alexander Radulov 3 (Aaron Ward, Tyler Ennis) at 9:25
6. Gangsters , Ryan Keller 2 (Staffan Kronwall, Alexandre Bolduc) at 9:44 (PP)
7. Manchots , Jamie Benn 2 (Petr Sykora, Logan Couture) at 17:32
8. Gangsters , Josh Gorges 1 (Nick Foligno, Alexei Emelin) at 19:09
Penalties :
Alexandre Bolduc (Bro) for Roughing (Minor) at 4:41, Artem Anisimov (Bro) for Hooking (Minor) at 7:02, Petr Sykora (Out) for Holding Stick (Minor) at 9:28, Alexandre Bolduc (Bro) for Hooking (Minor) at 17:48, Stanislav Neckar (Out) for High sticking (Minor) at 17:48
3rd period
9. Manchots , Steven Stamkos 3 (Alexander Radulov, Tyler Ennis) at 0:19 (PP)
10. Gangsters , Igor Radulov 2 (Staffan Kronwall) at 7:49
Penalties :
Cory Murphy (Bro) for Roughing (Minor) at 0:11, Ryan Keller (Bro) for Roughing (Minor) at 11:35, Dave Dziurzynski (Bro) for High sticking (Minor) at 14:16
Overtime #1
No Goal
Penalties :
No Penalty
Shootout
Penalty Shot by Martin Hanzal for Manchots - Stopped by David LeNeveu
Penalty Shot by Igor Radulov for Gangsters - Shot Misses the Net
Penalty Shot by Steven Stamkos for Manchots - Shot Misses the Net
Penalty Shot by Ryan Keller for Gangsters - Stopped by Sebastien Caron
Penalty Shot by Alexander Radulov for Manchots - Stopped by David LeNeveu
Penalty Shot by Chris Bourque for Gangsters - Stopped by Sebastien Caron
Penalty Shot by Jamie Benn for Manchots - Stopped by David LeNeveu
Penalty Shot by Ryan Jones for Gangsters - Goal!
Penalties :
No Penalty
Goalie Stats
Sebastien Caron (Out), 26 saves from 31 shots - (0,839), OTL, 0-0-1, 65:00 minutes
David LeNeveu (Bro), 33 saves from 38 shots - (0,868), W, 2-0-0, 65:00 minutes
Players Stats for Manchots
Player Name G A P +/- PIM S H SB GA TA FO MP PP MP PK MP
------------------------------------------------------------------------------------
Aaron Ward 0 1 1 0 0 1 4 1 0 0 0/0 24:51 3:13 0:16
Alexander Radulov 1 1 2 1 0 5 4 2 2 0 1/2 25:24 5:29 0:00
Bobby Butler 0 0 0 0 0 0 0 0 0 1 0/0 11:05 0:00 0:00
Brad Isbister 0 0 0 -1 0 1 1 0 1 0 1/2 13:29 0:00 0:16
Bryan Allen 0 0 0 -1 0 1 0 0 0 0 0/0 20:19 3:13 0:00
Cal Clutterbuck 0 0 0 -1 0 1 0 1 1 0 0/0 3:58 0:00 0:00
Eric Tangradi 0 0 0 -2 0 0 0 0 0 0 0/1 7:46 0:00 0:00
Jamie Benn 1 0 1 1 0 4 1 1 0 0 1/3 18:53 3:53 0:00
Logan Couture 1 1 2 -1 0 4 3 1 2 0 11/21 22:06 3:54 0:00
Martin Hanzal 0 0 0 0 0 1 1 0 0 0 1/2 15:25 3:53 0:00
Matt Corrente 0 0 0 -1 0 0 0 0 1 0 0/0 11:18 0:00 0:00
Michael Del Zotto 0 1 1 -1 0 2 0 1 0 1 0/0 25:18 6:15 0:00
Pernell Karl Subban 0 0 0 0 0 2 1 0 0 0 0/0 31:06 6:15 0:00
Petr Sykora 0 2 2 1 2 6 0 0 0 1 0/0 14:52 0:06 0:00
Stanislav Neckar 0 1 1 1 2 0 1 3 1 2 0/0 17:19 0:00 0:16
Steven Stamkos 1 1 2 1 0 6 1 0 1 0 21/34 23:43 5:28 0:00
Tyler Ennis 1 2 3 1 0 3 3 1 2 0 1/1 22:23 5:35 0:00
Tyler Kennedy 0 0 0 -2 0 1 1 1 0 0 0/4 8:28 0:06 0:16
Players Stats for Gangsters
Player Name G A P +/- PIM S H SB GA TA FO MP PP MP PK MP
------------------------------------------------------------------------------------
Alexandre Bolduc 0 2 2 2 4 1 0 0 0 0 16/31 16:05 0:16 1:00
Alexei Emelin 0 2 2 1 0 2 1 2 0 2 0/0 22:35 0:00 3:52
Artem Anisimov 1 0 1 -2 2 3 0 0 0 0 3/13 15:18 0:00 0:00
Ben Holmstrom 0 0 0 0 0 0 0 0 0 0 0/0 0:00 0:00 0:00
Brock Bradford 0 0 0 0 0 1 1 0 0 0 3/4 15:47 0:00 2:14
Chris Bourque 0 0 0 -3 2 3 1 0 0 0 2/2 19:58 0:00 3:18
Cory Murphy 0 1 1 -1 2 5 2 2 0 0 0/0 29:46 0:16 5:28
Dave Dziurzynski 0 0 0 0 2 0 1 0 0 0 0/0 5:02 0:00 0:00
Igor Radulov 2 1 3 3 0 4 1 0 1 1 6/13 27:58 0:16 4:59
Josh Gorges 1 0 1 1 0 2 1 2 1 1 0/0 22:35 0:00 3:52
Maxime Sauvé 0 0 0 0 0 0 0 0 0 0 0/2 5:00 0:00 0:00
Mikko Lehtonen 0 0 0 1 0 3 0 0 0 0 1/1 15:05 0:00 0:00
Nick Foligno 0 1 1 1 0 0 1 0 2 1 0/1 16:12 0:00 0:47
Ryan Jones 0 0 0 -3 0 1 2 0 0 1 1/1 19:07 0:00 2:43
Ryan Keller 1 0 1 3 2 5 2 1 0 1 1/2 22:55 0:16 3:55
Shaun Heska 0 0 0 1 0 0 0 1 1 1 0/0 12:38 0:00 0:08
Staffan Kronwall 0 2 2 -1 0 1 2 3 0 1 0/0 29:55 0:16 5:36
Ville Koistinen 0 0 0 1 0 0 0 0 0 2 0/0 12:30 0:00 0:00
3 Stars
1 - Igor Radulov (Bro)
2 - Tyler Ennis (Out)
3 - Alexander Radulov (Out)
Power Play
Manchots - 2 on 6 Attempt(s) - 33,33%
Gangsters - 1 on 1 Attempt(s) - 100,00%
Penalty Kill
Manchots - 0 on 1 Attempt(s) - 0,00%
- Score 0 goal in Penalty Kill
Gangsters - 4 on 6 Attempt(s) - 66,67%
- Score 0 goal in Penalty Kill
Official
Referees : LaRue Dennis and Lee Chris
Linesman : Don Henderson and Jay Sharrers
Game Notes
Cal Clutterbuck is injured at 11:12 of 2nd period (Right Hand)
Finance
Level 1 -- Attendance: 1408 (70,40%) -- Ticket Income 49 280 $
Level 2 -- Attendance: 744 (74,40%) -- Ticket Income 11 160 $
Total Attendance: 2152 (71,73%)
Total Ticket Income: 60 440 $
Other Income: 3 022 $
Total Income: 63 462 $
Manchots
5 vs 5 Forward
Center Left Wing Right Wing Time % Phy DF OF
1 Steven Stamkos Tyler Ennis Alexander Radulov 39 1 1 3
2 Logan Couture Jamie Benn Petr Sykora 38 1 1 3
3 Martin Hanzal Brad Isbister Bobby Butler 19 1 1 3
4 Tyler Kennedy Eric Tangradi Cal Clutterbuck 4 1 2 2
5 vs 5 Defense
Defense Defense Time % Phy DF OF
1 Aaron Ward Pernell Karl Subban 40 1 1 3
2 Stanislav Neckar Michael Del Zotto 35 1 2 2
3 Bryan Allen Matt Corrente 14 1 2 2
4 Pernell Karl Subban Bryan Allen 11 1 2 2
PowerPlay Forward
Center Left Wing Right Wing Time % Phy DF OF
1 Steven Stamkos Tyler Ennis Alexander Radulov 60 1 1 3
2 Logan Couture Jamie Benn Martin Hanzal 40 0 1 4
PowerPlay Defense
Defense Defense Time % Phy DF OF
1 Michael Del Zotto Pernell Karl Subban 60 1 1 3
2 Bryan Allen Aaron Ward 40 1 1 3
Penalty Kill 4 Players Forward
Center Wing Time % Phy DF OF
1 Tyler Kennedy Petr Sykora 60 1 3 1
2 Martin Hanzal Brad Isbister 40 1 3 1
Penalty Kill 4 Players Defense
Defense Defense Time % Phy DF OF
1 Aaron Ward Stanislav Neckar 60 1 3 1
2 Bryan Allen Matt Corrente 40 1 3 1
Penalty Kill - 3 Players Forward
Forward Time % Phy DF OF
1 Tyler Kennedy 60 1 3 1
2 Petr Sykora 40 1 3 1
Penalty Kill - 3 Players Defense
Defense Defense Time % Phy DF OF
1 Stanislav Neckar Aaron Ward 60 1 3 1
2 Matt Corrente Bryan Allen 40 1 3 1
4 vs 4 Forward
Center Wing Time % Phy DF OF
1 Steven Stamkos Alexander Radulov 60 1 1 3
2 Logan Couture Tyler Ennis 40 1 1 3
4 vs 4 Defense
Defense Defense Time % Phy DF OF
1 Pernell Karl Subban Bryan Allen 60 1 1 3
2 Michael Del Zotto Aaron Ward 40 1 1 3
Last Minutes Offensive
Center Left Wing Right Wing Defense Defense
Steven Stamkos Tyler Ennis Alexander Radulov Michael Del Zotto Pernell Karl Subban
Last Minutes Defensive
Center Left Wing Right Wing Defense Defense
Tyler Kennedy Brad Isbister Cal Clutterbuck Stanislav Neckar Aaron Ward
Goaltenders
Starting : Sebastien Caron
Backup : Anders Lindback
Extra Forwards
Normal : Logan Couture, Alexander Radulov, Tyler Ennis - PP : Martin Hanzal, Steven Stamkos - PK : Tyler Kennedy
Extra Defensemen
Normal : Bryan Allen, Pernell Karl Subban, Aaron Ward - PP : Bryan Allen - PK : Stanislav Neckar, Bryan Allen
Penalty Shots
Martin Hanzal, Steven Stamkos, Alexander Radulov, Jamie Benn, Tyler Ennis
Gangsters
5 vs 5 Forward
Center Left Wing Right Wing Time % Phy DF OF
1 Alexandre Bolduc Igor Radulov Ryan Keller 40 1 2 2
2 Artem Anisimov Chris Bourque Ryan Jones 30 1 2 2
3 Brock Bradford Nick Foligno Mikko Lehtonen 20 1 2 2
4 Maxime Sauvé Dave Dziurzynski Igor Radulov 10 1 2 2
5 vs 5 Defense
Defense Defense Time % Phy DF OF
1 Staffan Kronwall Cory Murphy 40 1 2 2
2 Josh Gorges Alexei Emelin 30 1 2 2
3 Ville Koistinen Shaun Heska 20 1 2 2
4 Staffan Kronwall Cory Murphy 10 1 2 2
PowerPlay Forward
Center Left Wing Right Wing Time % Phy DF OF
1 Alexandre Bolduc Igor Radulov Ryan Keller 60 1 2 2
2 Artem Anisimov Chris Bourque Ryan Jones 40 1 2 2
PowerPlay Defense
Defense Defense Time % Phy DF OF
1 Staffan Kronwall Cory Murphy 60 1 2 2
2 Josh Gorges Alexei Emelin 40 1 2 2
Penalty Kill 4 Players Forward
Center Wing Time % Phy DF OF
1 Igor Radulov Ryan Keller 60 1 2 2
2 Chris Bourque Ryan Jones 40 1 2 2
Penalty Kill 4 Players Defense
Defense Defense Time % Phy DF OF
1 Staffan Kronwall Cory Murphy 60 1 2 2
2 Josh Gorges Alexei Emelin 40 1 2 2
Penalty Kill - 3 Players Forward
Forward Time % Phy DF OF
1 Igor Radulov 60 1 2 2
2 Ryan Keller 40 1 2 2
Penalty Kill - 3 Players Defense
Defense Defense Time % Phy DF OF
1 Staffan Kronwall Cory Murphy 60 1 2 2
2 Josh Gorges Alexei Emelin 40 1 2 2
4 vs 4 Forward
Center Wing Time % Phy DF OF
1 Igor Radulov Ryan Keller 60 1 2 2
2 Chris Bourque Ryan Jones 40 1 2 2
4 vs 4 Defense
Defense Defense Time % Phy DF OF
1 Staffan Kronwall Cory Murphy 60 1 2 2
2 Josh Gorges Alexei Emelin 40 1 2 2
Last Minutes Offensive
Center Left Wing Right Wing Defense Defense
Alexandre Bolduc Igor Radulov Ryan Keller Staffan Kronwall Cory Murphy
Last Minutes Defensive
Center Left Wing Right Wing Defense Defense
Alexandre Bolduc Igor Radulov Ryan Keller Staffan Kronwall Cory Murphy
Goaltenders
Starting : David LeNeveu
Backup : Dustin Tokarski
Extra Forwards
Normal : Nick Foligno, Mikko Lehtonen, Brock Bradford - PP : Nick Foligno, Mikko Lehtonen - PK : Brock Bradford
Extra Defensemen
Normal : Ville Koistinen, Shaun Heska, Josh Gorges - PP : Ville Koistinen - PK : Shaun Heska, Josh Gorges
Penalty Shots
Igor Radulov, Ryan Keller, Chris Bourque, Ryan Jones, Alexandre Bolduc
% Time on Ice - Manchots
Lines # - Real PCT - Wanted PCT - Time Play
Normal Forward
1 - 31% - 39% - 15:00
2 - 31% - 38% - 15:03
3 - 22% - 19% - 10:28
4 - 16% - 4% - 7:46
Normal Defense
1 - 37% - 40% - 18:06
2 - 34% - 35% - 16:20
3 - 22% - 14% - 10:45
4 - 6% - 11% - 3:06
PP Forward
1 - 59% - 60% - 5:35
2 - 41% - 40% - 3:53
PP Defense
1 - 66% - 60% - 6:15
2 - 34% - 40% - 3:13
PK Forward
1 - 100% - 60% - 0:16
2 - 0% - 40% - 0:00
PK Defense
1 - 100% - 60% - 0:16
2 - 0% - 40% - 0:00
PK3 Forward
1 - 0% - 60%
2 - 0% - 40%
PK3 Defense
1 - 0% - 60%
2 - 0% - 40%
44 Forward
1 - 87% - 60% - 6:03
2 - 13% - 40% - 0:56
44 Defense
1 - 58% - 60% - 4:04
2 - 42% - 40% - 2:55
Last Minute Offensive - 0:00
Last Minute Defensive - 0:00
Total
Forward - 65:00
Defense - 65:00
|
% Time on Ice - Gangsters
Lines # - Real PCT - Wanted PCT - Time Play
Normal Forward
1 - 32% - 40% - 15:39
2 - 31% - 30% - 15:01
3 - 26% - 20% - 12:37
4 - 10% - 10% - 5:00
Normal Defense
1 - 38% - 40% - 18:30
2 - 33% - 30% - 16:02
3 - 25% - 20% - 11:55
4 - 4% - 10% - 1:50
PP Forward
1 - 100% - 60% - 0:16
2 - 0% - 40% - 0:00
PP Defense
1 - 100% - 60% - 0:16
2 - 0% - 40% - 0:00
PK Forward
1 - 71% - 60% - 6:45
2 - 29% - 40% - 2:43
PK Defense
1 - 59% - 60% - 5:36
2 - 41% - 40% - 3:52
PK3 Forward
1 - 0% - 60%
2 - 0% - 40%
PK3 Defense
1 - 0% - 60%
2 - 0% - 40%
44 Forward
1 - 78% - 60% - 5:25
2 - 22% - 40% - 1:34
44 Defense
1 - 62% - 60% - 4:18
2 - 38% - 40% - 2:41
Last Minute Offensive - 0:00
Last Minute Defensive - 0:00
Total
Forward - 65:00
Defense - 65:00
|
Play by Play
1st period
0:01 of 1st period - Steven Stamkos wins face-off versus Alexandre Bolduc in neutral zone.
0:12 of 1st period - Snap shot by Alexandre Bolduc.
0:12 of 1st period - Shot Blocked by Alexander Radulov.
0:16 of 1st period - Snap shot by Igor Radulov.
0:16 of 1st period - Shot Misses the Net.
0:26 of 1st period - Ryan Jones is hit by Jamie Benn and loses puck.
0:53 of 1st period - Slapshot by Staffan Kronwall.
0:53 of 1st period - Deflect By Nick Foligno.
0:53 of 1st period - Shot Misses the Net.
0:53 of 1st period - Puck is out of play.
0:54 of 1st period - Mikko Lehtonen wins face-off versus Tyler Kennedy in Manchots zone.
1:09 of 1st period - Snap shot by Tyler Kennedy.
1:09 of 1st period - Stopped by David LeNeveu with a rebound.
1:19 of 1st period - Alexei Emelin is hit by Tyler Ennis and loses puck.
1:28 of 1st period - Snap shot by Tyler Ennis.
1:28 of 1st period - Shot Misses the Net.
1:30 of 1st period - Wrist shot by Stanislav Neckar.
1:30 of 1st period - Shot Blocked by Josh Gorges.
1:32 of 1st period - Snap shot by Tyler Ennis.
1:32 of 1st period - Shot Misses the Net.
2:11 of 1st period - Snap shot by Cory Murphy.
2:11 of 1st period - Stopped by Sebastien Caron with a rebound.
2:13 of 1st period - Snap shot by Cory Murphy.
2:13 of 1st period - Deflect By Ryan Jones.
2:13 of 1st period - Shot Hit the Post.
2:13 of 1st period - Puck is out of play.
2:14 of 1st period - Steven Stamkos wins face-off versus Artem Anisimov in Manchots zone.
2:29 of 1st period - Backhand shot by Artem Anisimov.
2:29 of 1st period - Stopped by Sebastien Caron without a rebound.
2:30 of 1st period - Alexandre Bolduc wins face-off versus Logan Couture in Manchots zone.
3:26 of 1st period - Wrist shot by Martin Hanzal.
3:26 of 1st period - Deflect By Brad Isbister.
3:26 of 1st period - Shot Blocked by Alexei Emelin.
3:26 of 1st period - Puck is out of play.
3:27 of 1st period - Logan Couture wins face-off versus Maxime Sauvé in Gangsters zone.
3:28 of 1st period - Snap shot by Petr Sykora.
3:28 of 1st period - Shot Blocked by Josh Gorges.
3:54 of 1st period - Josh Gorges is hit by Tyler Ennis and loses puck.
4:05 of 1st period - Snap shot by Ryan Jones.
4:05 of 1st period - Shot Blocked by Michael Del Zotto.
4:24 of 1st period - Slapshot by Mikko Lehtonen.
4:24 of 1st period - Deflect By Nick Foligno.
4:24 of 1st period - Shot Misses the Net.
4:24 of 1st period - Puck is out of play.
4:25 of 1st period - Alexandre Bolduc wins face-off versus Logan Couture in Manchots zone.
4:30 of 1st period - Wrist shot by Igor Radulov.
4:30 of 1st period - Goal by Igor Radulov - Manchots : 0 - Gangsters : 1.
4:31 of 1st period - Logan Couture wins face-off versus Alexandre Bolduc in neutral zone.
6:02 of 1st period - Wrist shot by Jamie Benn.
6:02 of 1st period - Stopped by David LeNeveu without a rebound.
6:03 of 1st period - Logan Couture wins face-off versus Maxime Sauvé in Gangsters zone.
6:04 of 1st period - Snap shot by Petr Sykora.
6:04 of 1st period - Stopped by David LeNeveu with a rebound.
6:06 of 1st period - Slapshot by Logan Couture.
6:06 of 1st period - Stopped by David LeNeveu with a rebound.
6:22 of 1st period - Snap shot by Petr Sykora.
6:22 of 1st period - Stopped by David LeNeveu with a rebound.
6:36 of 1st period - Snap shot by Petr Sykora.
6:36 of 1st period - Stopped by David LeNeveu without a rebound.
6:37 of 1st period - Steven Stamkos wins face-off versus Artem Anisimov in Gangsters zone.
6:42 of 1st period - Wrist shot by Steven Stamkos.
6:42 of 1st period - Stopped by David LeNeveu without a rebound.
6:43 of 1st period - Steven Stamkos wins face-off versus Artem Anisimov in Gangsters zone.
6:46 of 1st period - Wrist shot by Tyler Ennis.
6:46 of 1st period - Stopped by David LeNeveu without a rebound.
6:47 of 1st period - Steven Stamkos wins face-off versus Artem Anisimov in Gangsters zone.
6:59 of 1st period - Minor Penalty to Chris Bourque for Hooking.
7:00 of 1st period - Steven Stamkos wins face-off versus Igor Radulov in Gangsters zone.
7:11 of 1st period - Snap shot by Alexander Radulov.
7:11 of 1st period - Shot Misses the Net.
7:13 of 1st period - Slapshot by Michael Del Zotto.
7:13 of 1st period - Stopped by David LeNeveu with a rebound.
7:15 of 1st period - Snap shot by Alexander Radulov.
7:15 of 1st period - Shot Misses the Net.
7:54 of 1st period - Icing by Aaron Ward.
7:55 of 1st period - Brock Bradford wins face-off versus Logan Couture in Manchots zone.
7:56 of 1st period - Snap shot by Ryan Jones.
7:56 of 1st period - Shot Misses the Net.
8:12 of 1st period - Wrist shot by Alexander Radulov.
8:12 of 1st period - Stopped by David LeNeveu with a rebound.
8:19 of 1st period - Icing by Pernell Karl Subban.
8:20 of 1st period - Igor Radulov wins face-off versus Steven Stamkos in Manchots zone.
8:39 of 1st period - Slapshot by Logan Couture.
8:39 of 1st period - Stopped by David LeNeveu with a rebound.
8:45 of 1st period - Martin Hanzal is hit by Alexei Emelin and loses puck.
8:59 of 1st period - Penalty to Chris Bourque is over, Chris Bourque is back on ice.
9:03 of 1st period - Backhand shot by Ryan Keller.
9:03 of 1st period - Stopped by Sebastien Caron without a rebound.
9:04 of 1st period - Steven Stamkos wins face-off versus Artem Anisimov in Manchots zone.
9:19 of 1st period - Snap shot by Steven Stamkos.
9:19 of 1st period - Shot Blocked by Staffan Kronwall.
10:24 of 1st period - Snap shot by Igor Radulov.
10:24 of 1st period - Shot Misses the Net.
10:26 of 1st period - Slapshot by Cory Murphy.
10:26 of 1st period - Stopped by Sebastien Caron with a rebound.
10:28 of 1st period - Slapshot by Cory Murphy.
10:28 of 1st period - Stopped by Sebastien Caron with a rebound.
10:38 of 1st period - Artem Anisimov is hit by Alexander Radulov and loses puck.
10:45 of 1st period - Tyler Ennis is hit by Josh Gorges and loses puck.
11:39 of 1st period - Icing by Stanislav Neckar.
11:40 of 1st period - Brock Bradford wins face-off versus Eric Tangradi in Manchots zone.
11:41 of 1st period - Snap shot by Nick Foligno.
11:41 of 1st period - Shot Blocked by Stanislav Neckar.
11:43 of 1st period - Slapshot by Alexei Emelin.
11:43 of 1st period - Shot Misses the Net.
11:45 of 1st period - Backhand shot by Alexei Emelin.
11:45 of 1st period - Shot Misses the Net.
11:47 of 1st period - Wrist shot by Mikko Lehtonen.
11:47 of 1st period - Stopped by Sebastien Caron without a rebound.
11:48 of 1st period - Steven Stamkos wins face-off versus Alexandre Bolduc in Manchots zone.
11:53 of 1st period - Alexandre Bolduc is hit by Alexander Radulov and loses puck.
12:38 of 1st period - Slapshot by Cory Murphy.
12:38 of 1st period - Stopped by Sebastien Caron without a rebound.
12:39 of 1st period - Martin Hanzal wins face-off versus Alexandre Bolduc in Manchots zone.
12:43 of 1st period - Off-side.
12:44 of 1st period - Alexandre Bolduc wins face-off versus Steven Stamkos in neutral zone.
13:29 of 1st period - Backhand shot by Jamie Benn.
13:29 of 1st period - Deflect By Brad Isbister.
13:29 of 1st period - Shot Misses the Net.
13:29 of 1st period - Puck is out of play.
13:30 of 1st period - Brock Bradford wins face-off versus Martin Hanzal in Gangsters zone.
14:13 of 1st period - Snap shot by Mikko Lehtonen.
14:13 of 1st period - Stopped by Sebastien Caron with a rebound.
14:15 of 1st period - Slapshot by Josh Gorges.
14:15 of 1st period - Shot Misses the Net.
14:19 of 1st period - Snap shot by Alexei Emelin.
14:19 of 1st period - Stopped by Sebastien Caron with a rebound.
14:23 of 1st period - Snap shot by Nick Foligno.
14:23 of 1st period - Shot Hit the Post.
14:27 of 1st period - Snap shot by Mikko Lehtonen.
14:27 of 1st period - Shot Blocked by Tyler Ennis.
14:29 of 1st period - Wrist shot by Josh Gorges.
14:29 of 1st period - Shot Blocked by Stanislav Neckar.
14:31 of 1st period - Wrist shot by Nick Foligno.
14:31 of 1st period - Shot Misses the Net.
14:33 of 1st period - Wrist shot by Mikko Lehtonen.
14:33 of 1st period - Stopped by Sebastien Caron with a rebound.
14:41 of 1st period - Wrist shot by Alexei Emelin.
14:41 of 1st period - Stopped by Sebastien Caron with a rebound.
14:43 of 1st period - Slapshot by Josh Gorges.
14:43 of 1st period - Deflect By Stanislav Neckar.
14:43 of 1st period - Stopped by Sebastien Caron with a rebound.
14:45 of 1st period - Wrist shot by Brock Bradford.
14:45 of 1st period - Stopped by Sebastien Caron without a rebound.
14:46 of 1st period - Logan Couture wins face-off versus Alexandre Bolduc in Manchots zone.
14:51 of 1st period - Slapshot by Jamie Benn.
14:51 of 1st period - Shot Misses the Net.
15:05 of 1st period - Igor Radulov is hit by Aaron Ward and loses puck.
15:26 of 1st period - Snap shot by Brad Isbister.
15:26 of 1st period - Shot Misses the Net.
15:38 of 1st period - Slapshot by Tyler Kennedy.
15:38 of 1st period - Shot Blocked by Cory Murphy.
15:54 of 1st period - Wrist shot by Chris Bourque.
15:54 of 1st period - Stopped by Sebastien Caron with a rebound.
15:56 of 1st period - Wrist shot by Ryan Jones.
15:56 of 1st period - Shot Misses the Net.
15:58 of 1st period - Wrist shot by Chris Bourque.
15:58 of 1st period - Shot Misses the Net.
16:14 of 1st period - Snap shot by Chris Bourque.
16:14 of 1st period - Stopped by Sebastien Caron without a rebound.
16:15 of 1st period - Alexandre Bolduc wins face-off versus Jamie Benn in Manchots zone.
16:24 of 1st period - Snap shot by Ryan Keller.
16:24 of 1st period - Shot Blocked by Stanislav Neckar.
16:26 of 1st period - Snap shot by Alexandre Bolduc.
16:26 of 1st period - Shot Misses the Net.
16:28 of 1st period - Snap shot by Ryan Keller.
16:28 of 1st period - Stopped by Sebastien Caron without a rebound.
16:29 of 1st period - Steven Stamkos wins face-off versus Alexandre Bolduc in Manchots zone.
16:40 of 1st period - Snap shot by Steven Stamkos.
16:40 of 1st period - Shot Blocked by Shaun Heska.
16:42 of 1st period - Slapshot by Pernell Karl Subban.
16:42 of 1st period - Stopped by David LeNeveu with a rebound.
17:19 of 1st period - Snap shot by Brad Isbister.
17:19 of 1st period - Stopped by David LeNeveu with a rebound.
18:28 of 1st period - Wrist shot by Martin Hanzal.
18:28 of 1st period - Shot Blocked by Staffan Kronwall.
18:46 of 1st period - Snap shot by Ryan Keller.
18:46 of 1st period - Shot Misses the Net.
2nd period
0:01 of 2nd period - Logan Couture wins face-off versus Alexandre Bolduc in neutral zone.
0:10 of 2nd period - Snap shot by Petr Sykora.
0:10 of 2nd period - Shot Misses the Net.
0:12 of 2nd period - Wrist shot by Petr Sykora.
0:12 of 2nd period - Shot Misses the Net.
0:14 of 2nd period - Wrist shot by Pernell Karl Subban.
0:14 of 2nd period - Deflect By Jamie Benn.
0:14 of 2nd period - Shot Hit the Post.
0:14 of 2nd period - Puck is out of play.
0:15 of 2nd period - Steven Stamkos wins face-off versus Alexandre Bolduc in Gangsters zone.
0:18 of 2nd period - Snap shot by Steven Stamkos.
0:18 of 2nd period - Stopped by David LeNeveu with a rebound.
0:20 of 2nd period - Slapshot by Aaron Ward.
0:20 of 2nd period - Deflect By Alexander Radulov.
0:20 of 2nd period - Stopped by David LeNeveu with a rebound.
0:22 of 2nd period - Snap shot by Alexander Radulov.
0:22 of 2nd period - Stopped by David LeNeveu without a rebound.
0:23 of 2nd period - Alexandre Bolduc wins face-off versus Steven Stamkos in Gangsters zone.
1:00 of 2nd period - Snap shot by Steven Stamkos.
1:00 of 2nd period - Stopped by David LeNeveu without a rebound.
1:01 of 2nd period - Ryan Jones wins face-off versus Logan Couture in Gangsters zone.
1:08 of 2nd period - Slapshot by Logan Couture.
1:08 of 2nd period - Shot Misses the Net.
1:10 of 2nd period - Slapshot by Logan Couture.
1:10 of 2nd period - Goal by Logan Couture - Manchots : 1 - Gangsters : 1.
1:11 of 2nd period - Alexandre Bolduc wins face-off versus Logan Couture in neutral zone.
1:14 of 2nd period - Pernell Karl Subban is hit by Ryan Keller and loses puck.
1:25 of 2nd period - Slapshot by Cory Murphy.
1:25 of 2nd period - Stopped by Sebastien Caron with a rebound.
2:09 of 2nd period - Icing by Bryan Allen.
2:10 of 2nd period - Alexandre Bolduc wins face-off versus Steven Stamkos in Manchots zone.
2:25 of 2nd period - Snap shot by Alexandre Bolduc.
2:25 of 2nd period - Shot Misses the Net.
3:19 of 2nd period - Wrist shot by Cal Clutterbuck.
3:19 of 2nd period - Stopped by David LeNeveu with a rebound.
3:21 of 2nd period - Slapshot by Cal Clutterbuck.
3:21 of 2nd period - Shot Misses the Net.
3:29 of 2nd period - Ryan Keller is hit by Aaron Ward and loses puck.
3:42 of 2nd period - Cory Murphy is hit by Steven Stamkos and loses puck.
4:11 of 2nd period - Matt Corrente is hit by Nick Foligno and loses puck.
4:24 of 2nd period - Snap shot by Igor Radulov.
4:24 of 2nd period - Shot Blocked by Aaron Ward.
4:41 of 2nd period - Minor Penalty to Alexandre Bolduc for Roughing.
4:42 of 2nd period - Igor Radulov wins face-off versus Steven Stamkos in Gangsters zone.
4:42 of 2nd period - Igor Radulov is hit by Pernell Karl Subban.
5:08 of 2nd period - Josh Gorges is hit by Alexander Radulov and loses puck.
6:03 of 2nd period - Wrist shot by Steven Stamkos.
6:03 of 2nd period - Shot Blocked by Staffan Kronwall.
6:05 of 2nd period - Snap shot by Tyler Ennis.
6:05 of 2nd period - Goal by Tyler Ennis - Manchots : 2 - Gangsters : 1.
6:06 of 2nd period - Alexandre Bolduc wins face-off versus Logan Couture in neutral zone.
6:34 of 2nd period - Mikko Lehtonen is hit by Martin Hanzal and loses puck.
7:01 of 2nd period - Slapshot by Artem Anisimov.
7:01 of 2nd period - Stopped by Sebastien Caron without a rebound.
7:02 of 2nd period - Logan Couture wins face-off versus Artem Anisimov in Manchots zone.
7:02 of 2nd period - Minor Penalty to Artem Anisimov for Hooking.
7:03 of 2nd period - Igor Radulov wins face-off versus Steven Stamkos in Gangsters zone.
7:16 of 2nd period - Wrist shot by Alexander Radulov.
7:16 of 2nd period - Shot Misses the Net.
7:18 of 2nd period - Slapshot by Pernell Karl Subban.
7:18 of 2nd period - Shot Misses the Net.
8:36 of 2nd period - Aaron Ward is hit by Cory Murphy and loses puck.
8:50 of 2nd period - Icing by Alexander Radulov.
8:51 of 2nd period - Alexander Radulov wins face-off versus Igor Radulov in Manchots zone.
9:02 of 2nd period - Penalty to Artem Anisimov is over, Artem Anisimov is back on ice.
9:04 of 2nd period - Jamie Benn is hit by Igor Radulov and loses puck.
9:17 of 2nd period - Snap shot by Igor Radulov.
9:17 of 2nd period - Shot Misses the Net.
9:19 of 2nd period - Snap shot by Artem Anisimov.
9:19 of 2nd period - Goal by Artem Anisimov - Manchots : 2 - Gangsters : 2.
9:20 of 2nd period - Tyler Ennis wins face-off versus Artem Anisimov in neutral zone.
9:23 of 2nd period - Slapshot by Aaron Ward.
9:23 of 2nd period - Stopped by David LeNeveu with a rebound.
9:25 of 2nd period - Slapshot by Alexander Radulov.
9:25 of 2nd period - Goal by Alexander Radulov - Manchots : 3 - Gangsters : 2.
9:26 of 2nd period - Alexandre Bolduc wins face-off versus Logan Couture in neutral zone.
9:28 of 2nd period - Minor Penalty to Petr Sykora for Holding Stick.
9:29 of 2nd period - Alexandre Bolduc wins face-off versus Tyler Kennedy in Manchots zone.
9:38 of 2nd period - Snap shot by Igor Radulov.
9:38 of 2nd period - Stopped by Sebastien Caron without a rebound.
9:39 of 2nd period - Ryan Keller wins face-off versus Tyler Kennedy in Manchots zone.
9:42 of 2nd period - Slapshot by Staffan Kronwall.
9:42 of 2nd period - Shot Blocked by Tyler Kennedy.
9:44 of 2nd period - Snap shot by Ryan Keller.
9:44 of 2nd period - Goal by Ryan Keller - Manchots : 3 - Gangsters : 3.
9:45 of 2nd period - Steven Stamkos wins face-off versus Alexandre Bolduc in neutral zone.
10:12 of 2nd period - Aaron Ward is hit by Chris Bourque and loses puck.
10:41 of 2nd period - Snap shot by Brad Isbister.
10:41 of 2nd period - Shot Misses the Net.
11:10 of 2nd period - Slapshot by Josh Gorges.
11:10 of 2nd period - Deflect By Artem Anisimov.
11:10 of 2nd period - Shot Misses the Net.
11:10 of 2nd period - Puck is out of play.
11:11 of 2nd period - Chris Bourque wins face-off versus Tyler Kennedy in Manchots zone.
11:12 of 2nd period - Wrist shot by Ryan Jones.
11:12 of 2nd period - Shot Blocked by Cal Clutterbuck.
11:12 of 2nd period - Cal Clutterbuck from Manchots is injured at 11:12 of 2nd period (Right Hand).
11:13 of 2nd period - Igor Radulov wins face-off versus Logan Couture in Manchots zone.
11:16 of 2nd period - Snap shot by Alexandre Bolduc.
11:16 of 2nd period - Stopped by Sebastien Caron with a rebound.
11:25 of 2nd period - Icing by Cory Murphy.
11:26 of 2nd period - Alexandre Bolduc wins face-off versus Steven Stamkos in Gangsters zone.
11:39 of 2nd period - Snap shot by Tyler Ennis.
11:39 of 2nd period - Shot Misses the Net.
11:41 of 2nd period - Slapshot by Alexander Radulov.
11:41 of 2nd period - Shot Blocked by Ryan Keller.
13:01 of 2nd period - Maxime Sauvé is hit by Tyler Kennedy and loses puck.
13:14 of 2nd period - Snap shot by Martin Hanzal.
13:14 of 2nd period - Shot Misses the Net.
13:16 of 2nd period - Snap shot by Martin Hanzal.
13:16 of 2nd period - Shot Misses the Net.
13:22 of 2nd period - Backhand shot by Martin Hanzal.
13:22 of 2nd period - Stopped by David LeNeveu without a rebound.
13:23 of 2nd period - Jamie Benn wins face-off versus Brock Bradford in Gangsters zone.
13:38 of 2nd period - Snap shot by Petr Sykora.
13:38 of 2nd period - Shot Misses the Net.
13:48 of 2nd period - Pernell Karl Subban is hit by Staffan Kronwall and loses puck.
13:57 of 2nd period - Snap shot by Ryan Jones.
13:57 of 2nd period - Stopped by Sebastien Caron with a rebound.
14:17 of 2nd period - Snap shot by Ryan Keller.
14:17 of 2nd period - Stopped by Sebastien Caron with a rebound.
14:52 of 2nd period - Logan Couture is hit by Dave Dziurzynski and loses puck.
15:41 of 2nd period - Slapshot by Alexei Emelin.
15:41 of 2nd period - Shot Blocked by Alexander Radulov.
15:59 of 2nd period - Ville Koistinen is hit by Aaron Ward and loses puck.
16:06 of 2nd period - Aaron Ward is hit by Ryan Jones and loses puck.
16:25 of 2nd period - Wrist shot by Logan Couture.
16:25 of 2nd period - Stopped by David LeNeveu without a rebound.
16:26 of 2nd period - Artem Anisimov wins face-off versus Brad Isbister in Gangsters zone.
17:02 of 2nd period - Snap shot by Ryan Keller.
17:02 of 2nd period - Deflect By Igor Radulov.
17:02 of 2nd period - Shot Blocked by Jamie Benn.
17:02 of 2nd period - Puck is out of play.
17:03 of 2nd period - Steven Stamkos wins face-off versus Alexandre Bolduc in Manchots zone.
17:14 of 2nd period - Wrist shot by Steven Stamkos.
17:14 of 2nd period - Stopped by David LeNeveu with a rebound.
17:16 of 2nd period - Snap shot by Bryan Allen.
17:16 of 2nd period - Stopped by David LeNeveu without a rebound.
17:17 of 2nd period - Logan Couture wins face-off versus Artem Anisimov in Gangsters zone.
17:26 of 2nd period - Wrist shot by Petr Sykora.
17:26 of 2nd period - Stopped by David LeNeveu without a rebound.
17:27 of 2nd period - Logan Couture wins face-off versus Artem Anisimov in Gangsters zone.
17:32 of 2nd period - Wrist shot by Jamie Benn.
17:32 of 2nd period - Goal by Jamie Benn - Manchots : 4 - Gangsters : 3.
17:33 of 2nd period - Steven Stamkos wins face-off versus Alexandre Bolduc in neutral zone.
17:33 of 2nd period - Steven Stamkos is hit by Cory Murphy.
17:45 of 2nd period - Wrist shot by Michael Del Zotto.
17:45 of 2nd period - Stopped by David LeNeveu with a rebound.
17:47 of 2nd period - Slapshot by Alexander Radulov.
17:47 of 2nd period - Shot Misses the Net.
17:48 of 2nd period - Minor Penalty to Alexandre Bolduc for Hooking.
17:48 of 2nd period - Minor Penalty to Stanislav Neckar for High sticking.
17:49 of 2nd period - Igor Radulov wins face-off versus Steven Stamkos in Gangsters zone.
18:22 of 2nd period - Pernell Karl Subban is hit by Ryan Keller and loses puck.
18:41 of 2nd period - Wrist shot by Bryan Allen.
18:41 of 2nd period - Shot Blocked by Alexei Emelin.
19:09 of 2nd period - Slapshot by Josh Gorges.
19:09 of 2nd period - Goal by Josh Gorges - Manchots : 4 - Gangsters : 4.
19:10 of 2nd period - Steven Stamkos wins face-off versus Igor Radulov in neutral zone.
19:48 of 2nd period - Penalty to Alexandre Bolduc is over, Alexandre Bolduc is back on ice.
19:48 of 2nd period - Penalty to Stanislav Neckar is over, Stanislav Neckar is back on ice.
3rd period
0:01 of 3rd period - Alexandre Bolduc wins face-off versus Steven Stamkos in neutral zone.
0:11 of 3rd period - Minor Penalty to Cory Murphy for Roughing.
0:12 of 3rd period - Steven Stamkos wins face-off versus Ryan Keller in Gangsters zone.
0:19 of 3rd period - Backhand shot by Steven Stamkos.
0:19 of 3rd period - Goal by Steven Stamkos - Manchots : 5 - Gangsters : 4.
0:20 of 3rd period - Alexandre Bolduc wins face-off versus Steven Stamkos in neutral zone.
0:46 of 3rd period - Petr Sykora is hit by Staffan Kronwall and loses puck.
1:17 of 3rd period - Wrist shot by Chris Bourque.
1:17 of 3rd period - Stopped by Sebastien Caron with a rebound.
1:19 of 3rd period - Slapshot by Ryan Jones.
1:19 of 3rd period - Shot Misses the Net.
2:55 of 3rd period - Nick Foligno is hit by Stanislav Neckar and loses puck.
3:31 of 3rd period - Wrist shot by Petr Sykora.
3:31 of 3rd period - Stopped by David LeNeveu without a rebound.
3:32 of 3rd period - Artem Anisimov wins face-off versus Jamie Benn in Gangsters zone.
4:47 of 3rd period - Wrist shot by Igor Radulov.
4:47 of 3rd period - Stopped by Sebastien Caron without a rebound.
4:48 of 3rd period - Logan Couture wins face-off versus Alexandre Bolduc in Manchots zone.
5:50 of 3rd period - Icing by Jamie Benn.
5:51 of 3rd period - Artem Anisimov wins face-off versus Logan Couture in Manchots zone.
5:52 of 3rd period - Wrist shot by Chris Bourque.
5:52 of 3rd period - Shot Blocked by Logan Couture.
6:03 of 3rd period - Off-side.
6:04 of 3rd period - Alexandre Bolduc wins face-off versus Steven Stamkos in neutral zone.
6:36 of 3rd period - Slapshot by Logan Couture.
6:36 of 3rd period - Deflect By Jamie Benn.
6:36 of 3rd period - Stopped by David LeNeveu with a rebound.
7:49 of 3rd period - Snap shot by Igor Radulov.
7:49 of 3rd period - Goal by Igor Radulov - Manchots : 5 - Gangsters : 5.
7:50 of 3rd period - Alexandre Bolduc wins face-off versus Steven Stamkos in neutral zone.
8:03 of 3rd period - Wrist shot by Alexandre Bolduc.
8:03 of 3rd period - Shot Misses the Net.
8:05 of 3rd period - Snap shot by Ryan Keller.
8:05 of 3rd period - Stopped by Sebastien Caron with a rebound.
8:29 of 3rd period - Staffan Kronwall is hit by Tyler Ennis and loses puck.
8:44 of 3rd period - Wrist shot by Tyler Ennis.
8:44 of 3rd period - Stopped by David LeNeveu without a rebound.
8:45 of 3rd period - Logan Couture wins face-off versus Alexandre Bolduc in Gangsters zone.
8:58 of 3rd period - Snap shot by Petr Sykora.
8:58 of 3rd period - Shot Misses the Net.
9:06 of 3rd period - Josh Gorges is hit by Logan Couture.
10:00 of 3rd period - Off-side.
10:01 of 3rd period - Chris Bourque wins face-off versus Logan Couture in neutral zone.
10:06 of 3rd period - Slapshot by Staffan Kronwall.
10:06 of 3rd period - Stopped by Sebastien Caron with a rebound.
10:08 of 3rd period - Snap shot by Artem Anisimov.
10:08 of 3rd period - Shot Misses the Net.
10:10 of 3rd period - Wrist shot by Chris Bourque.
10:10 of 3rd period - Shot Misses the Net.
10:33 of 3rd period - Off-side.
10:34 of 3rd period - Brad Isbister wins face-off versus Alexandre Bolduc in neutral zone.
10:37 of 3rd period - Igor Radulov is hit by Brad Isbister and loses puck.
11:03 of 3rd period - Off-side.
11:04 of 3rd period - Logan Couture wins face-off versus Artem Anisimov in neutral zone.
11:13 of 3rd period - Slapshot by Logan Couture.
11:13 of 3rd period - Shot Blocked by Cory Murphy.
11:15 of 3rd period - Backhand shot by Jamie Benn.
11:15 of 3rd period - Stopped by David LeNeveu with a rebound.
11:17 of 3rd period - Snap shot by Petr Sykora.
11:17 of 3rd period - Stopped by David LeNeveu with a rebound.
11:19 of 3rd period - Slapshot by Pernell Karl Subban.
11:19 of 3rd period - Stopped by David LeNeveu without a rebound.
11:20 of 3rd period - Steven Stamkos wins face-off versus Alexandre Bolduc in Gangsters zone.
11:23 of 3rd period - Slapshot by Steven Stamkos.
11:23 of 3rd period - Stopped by David LeNeveu with a rebound.
11:35 of 3rd period - Minor Penalty to Ryan Keller for Roughing.
11:36 of 3rd period - Steven Stamkos wins face-off versus Igor Radulov in Gangsters zone.
12:07 of 3rd period - Slapshot by Martin Hanzal.
12:07 of 3rd period - Shot Misses the Net.
12:09 of 3rd period - Slapshot by Jamie Benn.
12:09 of 3rd period - Shot Misses the Net.
12:11 of 3rd period - Snap shot by Martin Hanzal.
12:11 of 3rd period - Shot Misses the Net.
13:35 of 3rd period - Penalty to Ryan Keller is over, Ryan Keller is back on ice.
14:16 of 3rd period - Minor Penalty to Dave Dziurzynski for High sticking.
14:17 of 3rd period - Igor Radulov wins face-off versus Steven Stamkos in Gangsters zone.
15:23 of 3rd period - Josh Gorges is hit by Alexander Radulov and loses puck.
16:03 of 3rd period - Martin Hanzal is hit by Brock Bradford and loses puck.
16:16 of 3rd period - Penalty to Dave Dziurzynski is over, Dave Dziurzynski is back on ice.
16:49 of 3rd period - Icing by Ryan Keller.
16:50 of 3rd period - Alexandre Bolduc wins face-off versus Alexander Radulov in Gangsters zone.
19:34 of 3rd period - Alexandre Bolduc is hit by Aaron Ward and loses puck.
Overtime #1
0:01 of 1st overtime period - Steven Stamkos wins face-off versus Igor Radulov in neutral zone.
0:08 of 1st overtime period - Wrist shot by Alexander Radulov.
0:08 of 1st overtime period - Shot Misses the Net.
0:10 of 1st overtime period - Snap shot by Steven Stamkos.
0:10 of 1st overtime period - Deflect By Cory Murphy.
0:10 of 1st overtime period - Shot Misses the Net.
0:10 of 1st overtime period - Puck is out of play.
0:11 of 1st overtime period - Steven Stamkos wins face-off versus Igor Radulov in Gangsters zone.
0:12 of 1st overtime period - Wrist shot by Alexander Radulov.
0:12 of 1st overtime period - Stopped by David LeNeveu with a rebound.
0:15 of 1st overtime period - Icing by Cory Murphy.
0:16 of 1st overtime period - Steven Stamkos wins face-off versus Igor Radulov in Gangsters zone.
0:29 of 1st overtime period - Wrist shot by Alexander Radulov.
0:29 of 1st overtime period - Shot Misses the Net.
0:59 of 1st overtime period - Snap shot by Chris Bourque.
0:59 of 1st overtime period - Shot Misses the Net.
1:30 of 1st overtime period - Icing by Josh Gorges.
1:31 of 1st overtime period - Steven Stamkos wins face-off versus Nick Foligno in Gangsters zone.
2:09 of 1st overtime period - Ryan Jones is hit by Logan Couture and loses puck.
3:31 of 1st overtime period - Staffan Kronwall is hit by Logan Couture and loses puck.
3:50 of 1st overtime period - Aaron Ward is hit by Ryan Jones and loses puck.
ShootOut
5:00 of 1st overtime period - Penalty Shot by Martin Hanzal for Manchots.
5:00 of 1st overtime period - Deke by Martin Hanzal.
5:00 of 1st overtime period - Stopped by David LeNeveu.
5:00 of 1st overtime period - Penalty Shot by Igor Radulov for Gangsters.
5:00 of 1st overtime period - Deke by Igor Radulov.
5:00 of 1st overtime period - Shot Misses the Net.
5:00 of 1st overtime period - Penalty Shot by Steven Stamkos for Manchots.
5:00 of 1st overtime period - Snap shot by Steven Stamkos.
5:00 of 1st overtime period - Shot Misses the Net.
5:00 of 1st overtime period - Penalty Shot by Ryan Keller for Gangsters.
5:00 of 1st overtime period - Wrist shot by Ryan Keller.
5:00 of 1st overtime period - Stopped by Sebastien Caron.
5:00 of 1st overtime period - Penalty Shot by Alexander Radulov for Manchots.
5:00 of 1st overtime period - Snap shot by Alexander Radulov.
5:00 of 1st overtime period - Stopped by David LeNeveu.
5:00 of 1st overtime period - Penalty Shot by Chris Bourque for Gangsters.
5:00 of 1st overtime period - Snap shot by Chris Bourque.
5:00 of 1st overtime period - Stopped by Sebastien Caron.
5:00 of 1st overtime period - Penalty Shot by Jamie Benn for Manchots.
5:00 of 1st overtime period - Backhand shot by Jamie Benn.
5:00 of 1st overtime period - Stopped by David LeNeveu.
5:00 of 1st overtime period - Penalty Shot by Ryan Jones for Gangsters.
5:00 of 1st overtime period - Deke by Ryan Jones.
5:00 of 1st overtime period - Goal by Ryan Jones.
Output by the SimonT Hockey Simulator (STHS) for François Prévost -- Original Page W3C XHTML 1.0 Valid